 Dungeon Crawl Stone Soup version 0.23-a0-558-g30802b1 (webtiles) character file.

125 zishaf the Changer (level 4, -1/33 HPs)
             Began as a Vampire Transmuter on Dec 12, 2018.
             Slain by Grinder (8 damage)
             ... on level 3 of the Dungeon.
             The game lasted 00:05:20 (2665 turns).

zishaf the Changer (Vampire Transmuter)             Turns: 2665, Time: 00:05:21

Health: -1/33      AC:  4    Str: 10    XL:     4   Next: 82%
Magic:  7/7        EV: 13    Int: 15    God:
Gold:   82         SH:  0    Dex: 14    Spells: 4/7 levels left

rFire    . . .     SeeInvis +   c - +2 whip (vamp)
rCold    + + .     Gourm    .   (no shield)
rNeg     + + +     Faith    .   l - +0 leather armour
rPois    ∞         Spirit   .   (no helmet)
rElec    .         Reflect  .   (no cloak)
rCorr    .         Harm     .   q - +0 pair of gloves
MR       .....                  (no boots)
Stlth    ++++......             (no amulet)
HPRegen  0.00/turn              (no ring)
MPRegen  0.10/turn              (no ring)

@: bloodless, non-regenerating
A: fangs 3, see invisible, unbreathing
a: Bat Form


You were on level 3 of the Dungeon.
You were bloodless.

You visited 1 branch of the dungeon, and saw 3 of its levels.

You collected 82 gold pieces.

Inventory:

Hand Weapons
 c - a +2 vampiric whip (weapon)
Missiles
 a - 10 arrows
 n - 5 javelins of returning (quivered)
Armour
 b - a +0 robe
 l - a +0 leather armour (worn)
 q - a +0 pair of gloves (worn)
Scrolls
 g - a scroll of enchant weapon {unknown}
 h - a scroll of identify {unknown}
 i - a scroll of remove curse {unknown}
 j - a scroll of enchant armour {unknown}
 k - a scroll of random uselessness {unknown}
 m - a scroll of teleportation {unknown}
 o - 2 scrolls of fear {unknown}
Potions
 d - 13 potions of blood


   Skills:
 + Level 2.0 Fighting
 + Level 3.2 Dodging
 + Level 3.0 Stealth
 - Level 3.2 Unarmed Combat
 - Level 2.0 Spellcasting
 * Level 3.8 Transmutations


You had 4 spell levels left.
You knew the following spells:

 Your Spells              Type           Power        Failure   Level  Hunger
a - Beastly Appendage     Tmut           ##....       6%          1    #......
b - Sticks to Snakes      Tmut           ##......     10%         2    ###....

Your spell library contained the following spells:

 Spells                   Type           Power        Failure   Level  Hunger
 Spider Form              Tmut/Pois      #.........   38%         3    ###....
 Ice Form                 Ice/Tmut       #.......     80%         4    #####..
 Blade Hands              Tmut           ##........   87%         5    ######.


Dungeon Overview and Level Annotations

Branches:
Dungeon (3/15)

Altars:
Ru

Annotations:
D:3 Grinder


Innate Abilities, Weirdness & Mutations

You do not heal naturally.
You are immune to poison.
You have razor-sharp teeth.
You have supernaturally acute eyesight. (SInv)
You can survive without breathing.


Message History

You closely miss Grinder. Your bite misses Grinder.
Grinder is severely wounded.
Grinder misses you.
You closely miss Grinder.
Grinder is severely wounded.
Grinder hits you.
You hit Grinder. You bite Grinder, but do no damage.
Grinder is severely wounded.
Grinder drinks a potion.
Grinder is healed!
You hit Grinder. You bite Grinder, but do no damage.
Grinder is lightly wounded.
Grinder hits you!
Grinder says, "Just stop there for a second..."
Grinder hits you.
* * * LOW HITPOINT WARNING * * *
You are too injured to fight recklessly!
You closely miss Grinder. You bite Grinder, but do no damage.
Grinder is lightly wounded.
Grinder hits you!
You die...

.# .......#.# .#
##.#.#.#.## .#
#...§..!.(# .#
..#####.##+##.### .#
...5.5..#...#...# .#
...####.+...'.#.# .# .
#..#...#...# .#
....####.##'##.#.# .#
......5@.........# .#
#############.#.#.#.#.#
.####........#
####..#...#
.......#.....# #†######
.......#.....# #.#
.......#.....# #.#
......###.###### #.#
..#####........#
###.#.#
>..........###.#
#.....#


You could see Grinder.

Vanquished Creatures
  A centaur zombie (D:2)
  2 adders (D:2)
  An ooze (D:3)
  2 worms (D:2)
  2 dart slugs (D:2)
  3 leopard geckos
  3 orcs (D:3)
  6 bats
  5 giant cockroaches
  9 goblins
  5 hobgoblins
  2 jackals (D:3)
  3 kobolds
  2 ball pythons
  6 frilled lizards
  5 rats
57 creatures vanquished.

Notes
Turn   | Place    | Note
-------+----------+-------------------------------------------
     0 | D:1      | zishaf the Vampire Transmuter began the quest for the Orb.
     0 | D:1      | Reached XP level 1. HP: 14/14 MP: 3/3
   164 | D:1      | Reached skill level 1 in Fighting
   183 | D:1      | Reached skill level 1 in Stealth
   247 | D:1      | Reached XP level 2. HP: 21/21 MP: 5/5
   251 | D:1      | Learned a level 2 spell: Sticks to Snakes
   602 | D:2      | HP: 1/21 [centaur zombie (3)]
  1037 | D:2      | Reached XP level 3. HP: 20/26 MP: 1/6
  1222 | D:2      | Reached XP level 4. HP: 23/33 MP: 7/7
  1335 | D:2      | Found a sacrificial altar of Ru.
  1701 | D:3      | Found a faded altar of an unknown god.
  1774 | D:3      | Noticed Grinder
  2642 | D:3      | Paralysed by Grinder for 6 turns
  2665 | D:3      | Slain by Grinder

Vault maps used:
D:1:      dpeg_arrival_circle_labyrinth_a
D:2:      nicolae_ru_great_annihilating_truth
D:3:      first_ration, chequers_ecumenical_altar_island,
          minmay_misc_feat_doors, uniq_grinder, uniq_sigmund

Skill      XL: |  1  2  3  4 |
---------------+-------------+-----
Fighting       | 1 2 |  2.0
Stealth        | 1 2 3 |  3.0
Transmutations | 3 |  3.8
Dodging        | 3 |  3.2
Unarmed Combat | |  3.2
Spellcasting   | |  2.0

Action                   |  1- 3 |  4- 6 || total
-------------------------+-------+-------++-------
Melee: Whip              |   100 |   115 ||   215
       Bite              |     5 |    13 ||    18
       Punch             |       |     2 ||     2
 Cast: Sticks to Snakes  |     2 |       ||     2
 Abil: End Transformatio |       |     1 ||     1
       Bat Form          |       |     1 ||     1
  Use: Potion            |       |     3 ||     3
 Stab: Distracted        |     1 |       ||     1
       Sleeping          |     4 |    10 ||    14
       Paralysed         |       |     2 ||     2
Armor: Robe              |     9 |       ||     9
       Leather armour    |    16 |    18 ||    34
Dodge: Dodged            |    71 |    72 ||   143

Table legend:
 A = Non-vault XP
 B = Vault XP
 C = Vault XP percentage of total XP
 D = Non-vault monster count
 E = Vault monster count
 F = Vault count percentage of total count
                 A         B        C        D         E       F
            +---------+---------+-------+---------+---------+-------
      Total |     162 |      17 |   9.5 |      53 |       4 |   7.0
            +---------+---------+-------+---------+---------+-------
        D:1 |      23 |       0 |   0.0 |      15 |       0 |   0.0
        D:2 |     102 |      17 |  14.3 |      22 |       4 |  15.4
        D:3 |      37 |       0 |   0.0 |      16 |       0 |   0.0
            +---------+---------+-------+---------+---------+-------
